 Dungeon Crawl Stone Soup version 0.28.0-47-ge53b351184 (webtiles) character file.

Game seed: 17182230173808132587

746 101zpm the Chiller (level 7, -2/51 HPs)
             Began as a Gnoll Ice Elementalist on Apr 28, 2022.
             Slain by a phantom (9 damage)
             ... on level 4 of the Dungeon.
             The game lasted 00:12:44 (5448 turns).

101zpm the Chiller (Gnoll Ice Elementalist)         Turns: 5448, Time: 00:12:46

Health: -2/51      AC:  2    Str:  7    XL:     7   Next: 77%
Magic:  7/15       EV: 13    Int: 17    God:
Gold:   148        SH:  0    Dex: 12    Spells: 3/17 levels left

rFire   . . .      SeeInvis .   n - +5 dagger of Animal Spirits {venom, rCorr}
rCold   . . .      Faith    .   (no shield)
rNeg    . . .      Spirit   .   a - +0 robe
rPois   .          Reflect  .   (no helmet)
rElec   .          Harm     .   (no cloak)
rCorr   +          Rampage  .   (no gloves)
Will    .....                   (no boots)
Stlth   +++.......              (no amulet)
HPRegen 0.17/turn               (no ring)
MPRegen 0.14/turn               (no ring)

@: no status effects
A: fangs 1, strong nose, distributed training
a: no special abilities


You were on level 4 of the Dungeon.
You visited 1 branch of the dungeon, and saw 5 of its levels.

You collected 148 gold pieces.

Inventory:

Hand Weapons
 d - a +2 whip of electrocution
 n - the +5 dagger of Animal Spirits (weapon) {venom, rCorr}
   (You took it off a hobgoblin on level 4 of the Dungeon)

   It poisons the flesh of those it strikes.
   rCorr:     It protects you from acid and corrosion.
Missiles
 e - 3 boomerangs
 j - 125 stones
Armour
 a - a +0 robe (worn)
Jewellery
 r - an amulet of guardian spirit
Wands
 l - a wand of flame (13)
 o - a wand of paralysis (8)
 p - a wand of polymorph (12)
Scrolls
 f - a scroll of summoning {unknown}
 g - a scroll of blinking {unknown}
 i - 6 scrolls of identify {unknown}
 k - a scroll of magic mapping {unknown}
 m - a scroll of teleportation {unknown}
Potions
 b - 2 potions of degeneration {unknown}
 c - a potion of curing {unknown}
 h - a potion of heal wounds {unknown}
 q - a potion of lignification {unknown}
 s - a potion of mutation {unknown}


   Skills:
 + Level 2.7 Fighting
 + Level 2.7 Short Blades
 + Level 2.7 Long Blades
 + Level 2.7 Axes
 + Level 2.7 Maces & Flails
 + Level 2.7 Polearms
 + Level 2.7 Staves
 + Level 2.7 Slings
 + Level 2.7 Bows
 + Level 2.7 Crossbows
 + Level 2.7 Throwing
 + Level 2.7 Armour
 + Level 5.3 Dodging
 + Level 5.0 Stealth
 + Level 2.7 Shields
 + Level 2.7 Unarmed Combat
 + Level 5.7 Spellcasting
 + Level 2.2 Conjurations
 + Level 2.2 Hexes
 + Level 2.2 Summonings
 + Level 2.2 Necromancy
 + Level 2.2 Translocations
 + Level 2.2 Transmutations
 + Level 2.2 Fire Magic
 + Level 7.5 Ice Magic
 + Level 2.2 Air Magic
 + Level 2.2 Earth Magic
 + Level 2.2 Poison Magic
 + Level 3.0 Invocations
 + Level 2.7 Evocations


You had 3 spell levels left.
You knew the following spells:

 Your Spells              Type           Power      Damage    Failure   Level
a - Freeze                Ice            100%       1d11      1%          1
b - Frozen Ramparts       Ice            60%        1d8       1%          3
c - Ozocubu's Armour      Ice            30%        N/A       1%          3
d - Searing Ray           Conj           24%        2d5       9%          2
e - Hailstorm             Conj/Ice       21%        3d6       19%         4
f - Magic Dart            Conj           48%        1d5       5%          1

Your spell library contained the following spells:

 Spells                   Type           Power      Damage    Failure   Level
 Corpse Rot               Necr/Air       24%        N/A       9%          2
 Poisonous Vapours        Pois/Air       24%        N/A       9%          2
 Gell's Gravitas          Tloc           12%        N/A       16%         3
 Teleport Other           Tloc           12%        N/A       16%         3
 Fulminant Prism          Conj/Hex       6%         3d7       47%         4
 Dispersal                Tloc           6%         N/A       100%        6


Dungeon Overview and Level Annotations

Branches:
Dungeon (5/15)
 Temple: D:4-7

Altars:
Makhleb
Nemelex Xobeh
Okawaru
Vehumet
Yredelemnul
Zin

Shops:
D:2 [   D:3 [(*=


Innate Abilities, Weirdness & Mutations

You have very sharp teeth.
Your uncanny sense of smell can sniff out nearby items.
Your experience applies equally to all skills.


Message History

The phantom completely resists.
The phantom hits you.
* * * LOW HITPOINT WARNING * * *
Aiming: Freeze (safe; 1% risk of failure)
Press: ? - help, Q - select action, (/) - cycle Shift-Dir - straight line, f/p - phantom
Aim: a phantom (heavily damaged)
You freeze the phantom.
The phantom resists.
The phantom is heavily damaged.
The phantom hits you.
* * * LOW HITPOINT WARNING * * *
Aiming: Freeze (safe; 1% risk of failure)
Press: ? - help, Q - select action, (/) - cycle Shift-Dir - straight line, f/p - phantom
Aim: a phantom (heavily damaged)
You freeze the phantom but do no damage.
The phantom completely resists.
The phantom closely misses you.
Aiming: Freeze (safe; 1% risk of failure)
Press: ? - help, Q - select action, (/) - cycle Shift-Dir - straight line, f/p - phantom
Aim: a phantom (heavily damaged)
You freeze the phantom.
The phantom resists.
The phantom is heavily damaged.
The phantom hits you but does no damage.
Casting: Freeze (safe; 1% risk of failure)
Confirm with . or Enter, or press ? or * to list all spells.
Aiming: Searing Ray (safe; 9% risk of failure)
Press: ? - help, Shift-Dir - straight line, f/p - phantom
Aim: a phantom (heavily damaged, 67% to hit)
The searing ray misses the phantom. (Press . to maintain the ray.)
The phantom misses you.
Casting: Searing Ray (safe; 9% risk of failure)
Confirm with . or Enter, or press ? or * to list all spells.
Restarting spell: Searing Ray (safe; 9% risk of failure)
Press: ? - help, Shift-Dir - straight line, f/p - phantom
Aim: a phantom (heavily damaged, 67% to hit)
The searing ray hits the phantom.
The phantom is severely damaged. (Press . to maintain the ray.)
The phantom hits you!
You die...

#..... #..... #.#### ##
#################...§ .#
#.............# #.≈≈≈ ##
##............# #≈..≈ #
#............# #≈§§. #
#...W........# #≈§≈. #
#..@....##...# #≈.§. #
#......[##...###≈..§ ##
#..............#.≈≈§ .#
########.............#§§§§ .#
##.....##..............#### .#
#......#.................#. ##
#......#.......##...##.#### #
#......#.......##...##.####
########.....#.......#.......#...


You could see a phantom.

Vanquished Creatures
  Sigmund (D:2)
  An ice beast (D:3)
  An ogre (D:5)
  A phantom (D:3)
  A centaur zombie (D:4)
  3 hounds
  2 orc priests
  A centaur skeleton (D:4)
  An adder skeleton (D:4)
  2 worms (D:2)
  2 dart slugs
  14 orcs
  7 ball pythons
  10 endoplasms
  4 giant cockroaches
  9 goblins
  11 hobgoblins
  4 jackals (D:4)
  8 kobolds
  7 quokkas
  7 bats
  A frilled lizard (D:1)
  6 rats
104 creatures vanquished.

Notes
Turn   | Place    | Note
-------+----------+-------------------------------------------
     0 | D:1      | 101zpm the Gnoll Ice Elementalist began the quest for the
                  | Orb.
     0 | D:1      | Reached XP level 1. HP: 13/13 MP: 6/6
   130 | D:2      | Reached XP level 2. HP: 17/19 MP: 4/7
   217 | D:2      | Found Akkef's Armour Boutique.
   323 | D:3      | Noticed a phantom
   414 | D:3      | Found Kuyguant's Jewellery Boutique.
   441 | D:3      | Found a radiant altar of Vehumet.
   455 | D:3      | Found Fyechaph's General Store.
   463 | D:3      | Found Dyzxigh's Weapon Shoppe.
   805 | D:3      | Reached XP level 3. HP: 25/25 MP: 6/9
   821 | D:3      | Reached skill level 5 in Spellcasting
   828 | D:3      | Reached skill level 1 in Fighting
   828 | D:3      | Reached skill level 1 in Short Blades
   828 | D:3      | Reached skill level 1 in Long Blades
   828 | D:3      | Reached skill level 1 in Axes
   828 | D:3      | Reached skill level 1 in Maces & Flails
   828 | D:3      | Reached skill level 1 in Polearms
   828 | D:3      | Reached skill level 1 in Staves
   828 | D:3      | Reached skill level 1 in Slings
   828 | D:3      | Reached skill level 1 in Bows
   828 | D:3      | Reached skill level 1 in Crossbows
   828 | D:3      | Reached skill level 1 in Throwing
   828 | D:3      | Reached skill level 1 in Armour
   828 | D:3      | Reached skill level 1 in Shields
   828 | D:3      | Reached skill level 1 in Unarmed Combat
   828 | D:3      | Reached skill level 1 in Invocations
   828 | D:3      | Reached skill level 1 in Evocations
   828 | D:3      | Reached XP level 4. HP: 6/32 MP: 0/11
  1203 | D:3      | Reached skill level 1 in Conjurations
  1203 | D:3      | Reached skill level 1 in Hexes
  1203 | D:3      | Reached skill level 1 in Summonings
  1203 | D:3      | Reached skill level 1 in Necromancy
  1203 | D:3      | Reached skill level 1 in Translocations
  1203 | D:3      | Reached skill level 1 in Transmutations
  1203 | D:3      | Reached skill level 1 in Fire Magic
  1203 | D:3      | Reached skill level 1 in Air Magic
  1203 | D:3      | Reached skill level 1 in Earth Magic
  1203 | D:3      | Reached skill level 1 in Poison Magic
  1341 | D:3      | Learned a level 3 spell: Frozen Ramparts
  1345 | D:3      | Learned a level 3 spell: Ozocubu's Armour
  1348 | D:3      | Learned a level 2 spell: Searing Ray
  1353 | D:3      | Learned a level 4 spell: Hailstorm
  1381 | D:3      | Found a faded altar of an unknown god.
  1503 | D:3      | Noticed an ice beast
  1941 | D:2      | Reached XP level 5. HP: 37/37 MP: 6/12
  2015 | D:2      | Learned a level 1 spell: Magic Dart
  3016 | D:2      | Noticed Sigmund
  3021 | D:2      | Killed Sigmund
  3022 | D:2      | Reached skill level 5 in Dodging
  3022 | D:2      | Reached XP level 6. HP: 44/44 MP: 3/14
  3622 | D:4      | Found a burning altar of Makhleb.
  3624 | D:4      | Noticed an Executioner
  3699 | D:4      | Found a glowing silver altar of Zin.
  3699 | D:4      | Noticed an angel
  3792 | D:4      | Identified the +5 dagger of Animal Spirits {venom, rCorr}
  4009 | D:4      | Found a basalt altar of Yredelemnul.
  4043 | D:4      | Reached XP level 7. HP: 50/50 MP: 15/15
  4451 | D:4      | Found a sparkling altar of Nemelex Xobeh.
  4815 | D:3      | Found an iron altar of Okawaru.
  4996 | D:3      | Found Woebrowai's Armour Shoppe.
  5311 | D:5      | Entered Level 5 of the Dungeon
  5321 | D:5      | Reached skill level 5 in Stealth
  5448 | D:4      | Slain by a phantom

Illustrated notes

Levels and vault maps discovered:
D:1:      dpeg_arrival_solitude, layout_rooms
D:2:      layout_loops_corners, serial_shops, nicolae_shop_advertising_works
          [nicolae_subvault_shop_adworks], minmay_split_cup_small, uniq_sigmund
D:3:      layout_basic, lemuel_round_altar, kennysheep_okawaru_gauntlet,
          chequers_ecumenical_altar_island, serial_shops, shop_statue,
          nicolae_shop_stone, nicolae_shop_statue_plus, nicolae_shop_trees,
          palyth_stone_intersect, minmay_misc_feat_doors
D:4:      layout_gridville, grunt_temple_overflow_order_and_chaos_2,
          mainiacjoe_overflow_paths, kennysheep_mini_moat, grunt_ministairs_1
D:5:      layout_basic, serial_bayou_pond_a, hangedman_decor_push,
          uniq_prince_ribbit1

Skill      XL: |  1  2  3  4  5  6  7 |
---------------+----------------------+-----
Spellcasting   | 5 |  5.7
Fighting       | 1 2 |  2.7
Short Blades   | 1 2 |  2.7
Long Blades    | 1 2 |  2.7
Axes           | 1 2 |  2.7
Maces & Flails | 1 2 |  2.7
Polearms       | 1 2 |  2.7
Staves         | 1 2 |  2.7
Slings         | 1 2 |  2.7
Bows           | 1 2 |  2.7
Crossbows      | 1 2 |  2.7
Throwing       | 1 2 |  2.7
Armour         | 1 2 |  2.7
Shields        | 1 2 |  2.7
Unarmed Combat | 1 2 |  2.7
Invocations    | 1 2 3 |  3.0
Evocations     | 1 2 |  2.7
Conjurations   | 1 2 |  2.2
Hexes          | 1 2 |  2.2
Summonings     | 1 2 |  2.2
Necromancy     | 1 2 |  2.2
Translocations | 1 2 |  2.2
Transmutations | 1 2 |  2.2
Fire Magic     | 1 2 |  2.2
Air Magic      | 1 2 |  2.2
Earth Magic    | 1 2 |  2.2
Poison Magic   | 1 2 |  2.2
Dodging        | 5 |  5.3
Stealth        | 5 |  5.0
Ice Magic      | |  7.5

Action                   |  1- 3 |  4- 6 |  7- 9 || total
-------------------------+-------+-------+-------++-------
Melee: Unarmed           |     4 |       |       ||     4
       Bite              |     1 |     3 |     6 ||    10
       Whip              |     1 |    45 |       ||    46
       Dagger            |       |     1 |    54 ||    55
       Punch             |       |       |     1 ||     1
 Cast: Freeze            |    34 |    43 |     4 ||    81
       Frozen Ramparts   |       |     6 |     3 ||     9
       Magic Dart        |       |    57 |     8 ||    65
       Ozocubu's Armour  |       |     2 |     3 ||     5
       Hailstorm         |       |     1 |     5 ||     6
       Searing Ray       |       |       |     3 ||     3
 Stab: Sleeping          |     1 |     2 |     2 ||     5
Armor: Robe              |     5 |    11 |     8 ||    24
Dodge: Dodged            |    19 |    44 |    31 ||    94
